 Dungeon Crawl Stone Soup version 0.31-a0-667-g39726597b9 (webtiles) character file.

Game seed: 11225603045238653500

191 DarkabusHale the Magician (level 6, -2/44 HPs)
             Began as a Djinni Venom Mage on Sept 4, 2023.
             Was an Initiate of Qazlal.
             Slain by a phantom (8 damage)
             ... on level 4 of the Dungeon.
             The game lasted 00:10:25 (2827 turns).

DarkabusHale the Magician (Djinni Venom Mage)       Turns: 2827, Time: 00:10:26

Health: -2/44      AC:  0    Str:  7    XL:     6   Next: 1%
Gold:   101        EV: 13    Int: 17    God:    Qazlal [......] SH:  0 Dex: 15

rFire   + + .        b - +1 short sword (speed)
rCold   . . .        (no shield)
rNeg    . . .        (no body armour)
rPois   ∞            (no helmet)
rElec   .            (no cloak)
rCorr   .            (no gloves)
SInv    .            (boots unavailable)
Will    .....        (no amulet)
Stlth   ++           d - ring of protection from cold
HPRegen 0.27/turn    (no ring)
MPRegen 0.00/turn

%: infuse magic (-3 HP)
@: flying
A: sickness immunity, fire resistance 2, cold vulnerability 1, float, innate
caster, HP casting, extra vitality 1
a: Renounce Religion


You were on level 4 of the Dungeon.
You worshipped Qazlal.
Qazlal was noncommittal.
You visited 1 branch of the dungeon, and saw 4 of its levels.

You collected 101 gold pieces.

Inventory:

Hand Weapons
 b - a +1 short sword of speed (weapon)
Armour
 a - a +0 robe
 r - the +0 scale mail of Buaxt {Str+3 Slay+5}
   (You found it on level 4 of the Dungeon)

   Str+3:     It affects your strength (+3).
   Slay+5:    It affects your accuracy & damage with ranged weapons and melee
   (+5).
Jewellery
 d - a ring of protection from cold (left hand)
Scrolls
 c - 5 scrolls of identify {unknown}
 e - a scroll of vulnerability {unknown}
 g - a scroll of fear {unknown}
 j - a scroll of immolation {unknown}
 n - a scroll of teleportation {unknown}
 p - a scroll of enchant armour {unknown}
 q - 2 scrolls of brand weapon {unknown}
Potions
 f - a potion of attraction {unknown}
 h - 2 potions of mutation {unknown}
 i - 2 potions of enlightenment {unknown}
 k - a potion of cancellation {unknown}
 l - 2 potions of lignification {unknown}
 m - a potion of curing {unknown}
 o - a potion of degeneration {unknown}


   Skills:
 + Level 2.3 Fighting
 + Level 3.6 Dodging
 - Level 1.5 Stealth
 * Level 4.1 Spellcasting
 * Level 4.1 Conjurations
 * Level 4.1 Hexes
   Level 0.0 Charms
 * Level 4.1 Summonings
 * Level 4.1 Necromancy
 * Level 4.1 Translocations
 * Level 4.1 Transmutations
 * Level 4.1 Fire Magic
 * Level 4.1 Ice Magic
 * Level 4.1 Air Magic
 * Level 4.1 Earth Magic
 * Level 4.1 Poison Magic


You knew the following spells:

 Your Spells              Type           Power      Damage    Failure   Level
a - Sting                 Tmut/Pois      68%        1d6       3%          1
b - Poisonous Vapours     Pois/Air       34%        N/A       4%          2
c - Mephitic Cloud        Conj/Pois/Air  17%        N/A       9%          3
d - Olgreb's Toxic Radia  Pois           17%        N/A       28%         4
e - Kiss of Death         Conj/Necr      68%        2d10      3%          1
f - Passwall              Tmut/Erth      14%        N/A       4%          2
Your spell library was empty.

Dungeon Overview and Level Annotations

Branches:
Dungeon (4/15)
 Temple: D:4-7

Altars:
Cheibriados
Makhleb
Qazlal
Ru
Wu Jian
Yredelemnul
The Shining One


Innate Abilities, Weirdness & Mutations

You are immune to sickness and miasma.
You are immune to poison.
Your flesh is very heat resistant. (rF++)
You are vulnerable to cold. (rC-)
You float through the air rather than walking.
You learn spells naturally, not from books.
Your magical power is your life essence.
You have superior vitality. (+4 MHP)


Message History

You hit the phantom but do no damage.
The phantom is moderately damaged.
The phantom barely misses you.
You miss the phantom.
The phantom is moderately damaged.
The phantom hits you.
The phantom blinks!
You blink.
You hit the phantom but do no damage.
The phantom is moderately damaged.
You hit the phantom.
The phantom is heavily damaged.
The phantom hits you.
The phantom blinks!
You blink.
You completely miss the phantom.
The phantom is heavily damaged.
You miss the phantom.
The phantom is heavily damaged.
The phantom barely misses you.
You closely miss the phantom.
The phantom is heavily damaged.
The phantom completely misses you.
You barely miss the phantom.
The phantom is heavily damaged.
The quokka barely misses you.
You hit the phantom but do no damage.
The phantom is heavily damaged.
The phantom closely misses you. The quokka closely misses you.
You hit the phantom.
The phantom is heavily damaged.
The quokka bites you. The phantom hits you.
* * * LOW HITPOINT WARNING * * *
The phantom blinks!
You blink.
You hit the phantom but do no damage.
The phantom is heavily damaged.
You closely miss the phantom.
The phantom is heavily damaged.
The phantom hits you!
* * * LOW HITPOINT WARNING * * *
You hit the phantom.
The phantom is severely damaged.
The phantom hits you!
You die...

###.. ... ...# #.# .#
#.### #.# .# #...#
#§####.#
#######.#.###§.....#####
............<...........
#######.§......r......
#.#.###.#W#..####
.........h.@.....#
.......##..####.#### .
#####.#.##..# #§# ..
#.#.##..####h# ..
........h..§§#
#..####..#.##.# ..
.#####..#.##.# .#
........#.##.# .#
##.######..#.##.#


You could see a phantom, a quokka and a jackal.

Vanquished Creatures
  A phantom (D:4)
  A jelly (D:4)
  2 adders
  A dart slug (D:2)
  5 endoplasms
  3 giant cockroaches
  2 goblins
  8 hobgoblins
  10 jackals
  4 quokkas
  4 ball pythons
  6 bats
  3 frilled lizards
  5 kobolds
  6 rats
61 creatures vanquished.

Notes
Turn   | Place    | Note
-------+----------+-------------------------------------------
     0 | D:1      | DarkabusHale the Djinni Venom Mage began the quest for the
                  | Orb.
     0 | D:1      | DarkabusHale set off with the following spells memorised:
                  | Sting, Poisonous Vapours, Mephitic Cloud, Olgreb's Toxic
                  | Radiance.
     0 | D:1      | Reached XP level 1. HP: 15/15 MP: 0/0
   167 | D:1      | Reached XP level 2. HP: 21/22 MP: 0/0
   525 | D:1      | Found a faded altar of an unknown god.
   575 | D:1      | Reached XP level 3. HP: 8/26 MP: 0/0
   575 | D:1      | Learned a level 1 spell: Kiss of Death
  1003 | D:2      | Reached skill level 1 in Fighting
  1166 | D:2      | Found a basalt altar of Yredelemnul.
  1567 | D:3      | Reached XP level 4. HP: 30/32 MP: 0/0
  2235 | D:3      | Found a burning altar of Makhleb.
  2237 | D:3      | Found an ornate altar of the Wu Jian Council.
  2241 | D:3      | Found a glowing golden altar of the Shining One.
  2241 | D:3      | Found a sacrificial altar of Ru.
  2241 | D:3      | Found a snail-covered altar of Cheibriados.
  2242 | D:3      | Found a stormy altar of Qazlal.
  2263 | D:3      | Became a worshipper of Qazlal Stormbringer
  2438 | D:4      | Reached XP level 5. HP: 25/38 MP: 0/0
  2438 | D:4      | Learned a level 2 spell: Passwall
  2503 | D:4      | Identified the +0 scale mail of Buaxt {Str+3 Slay+5}
  2535 | D:4      | Noticed a phantom
  2540 | D:4      | Noticed a phantom
  2559 | D:4      | Killed a phantom
  2576 | D:4      | Reached XP level 6. HP: 7/44 MP: 0/0
  2597 | D:3      | HP: 2/44 [giant cockroach (2)]
  2827 | D:4      | Slain by a phantom

Illustrated notes

Levels and vault maps discovered:
D:1:      psy_arrival_whirlpool, layout_basic,
          hellmonk_ecumenical_altar_dog_temple
D:2:      layout_basic, basic_altar
D:3:      layout_loops_ring, minitemple
D:4:      layout_basic, serial_shops, shop

Skill      XL: |  1  2  3  4  5 |
---------------+----------------+-----
Spellcasting   | 4 |  4.1
Conjurations   | 4 |  4.1
Hexes          | 4 |  4.1
Summonings     | 4 |  4.1
Necromancy     | 4 |  4.1
Translocations | 4 |  4.1
Transmutations | 4 |  4.1
Fire Magic     | 4 |  4.1
Ice Magic      | 4 |  4.1
Air Magic      | 4 |  4.1
Earth Magic    | 4 |  4.1
Poison Magic   | 4 |  4.1
Fighting       | 1 2 |  2.3
Dodging        | 3 |  3.6
Stealth        | |  1.5

Action                     |  1- 3 |  4- 6 || total
---------------------------+-------+-------++-------
  Melee: Unarmed           |     7 |       ||     7
         Short sword       |    35 |    72 ||   107
         Punch             |     2 |     3 ||     5
   Cast: Sting             |    53 |    38 ||    91
 Armour: Robe              |    21 |    16 ||    37
         Skin              |       |    26 ||    26
  Dodge: Dodged            |    29 |    54 ||    83

Table legend: (Time is in decaauts)
 A = Elapsed time spent in this place.
 B = Non-inter-level travel time spent in this place.
 C = Inter-level travel time spent in this place.
 D = Time resting spent in this place.
 E = Time spent auto-exploring this place.
 F = Levels seen in this place.
 G = Mean time per level.
                   A        B        C        D        E       F      G
               +--------+--------+--------+--------+--------+-----+--------+
         Total |   2790 |   2729 |     61 |    152 |   2082 |   4 |  697.5 |
       Dungeon |   2790 |   2729 |     61 |    152 |   2082 |   4 |  697.5 |
               +--------+--------+--------+--------+--------+-----+--------+

Top non-repeatable levels by time:
     D:3: 1029 daAuts
     D:1: 986 daAuts
     D:2: 524 daAuts
     D:4: 250 daAuts
